 Dungeon Crawl Stone Soup version 0.18-a0-1481-g708b138 (webtiles) character file.

53753 JustSomeDude the Blocker (level 14, -9/165 HPs)
             Began as a Demonspawn Fighter on Feb 24, 2016.
             Mangled by a black mamba (18 damage)
             ... on level 8 of the Lair of Beasts on Mar 2, 2016.
             The game lasted 01:43:25 (17316 turns).

JustSomeDude the Blocker (Demonspawn Fighter)      Turns: 17316, Time: 01:43:25

Health: -9/165     AC:  0    Str: 26    XL:     14   Next: 32%
Magic:  0/14       EV: 20    Int:  9    God:
Gold:   1138       SH:  0    Dex: 14    Spells: 0 memorised, 13 levels left

rFire  . . .     SeeInvis .     (weapon currently unavailable)
rCold  . . .     Gourm    .     (armour currently unavailable)
rNeg   . . .     Faith    .     (shield currently unavailable)
rPois  .         Spirit   +     (helmet currently unavailable)
rElec  .         Dismiss  .     (cloak currently unavailable)
rCorr  .         Reflect  .     (gloves currently unavailable)
SustAt .         Harm     .     (boots currently unavailable)
MR     +....                    (no amulet)
Stlth  ..........               (ring currently unavailable)
                                (ring currently unavailable)

@: mighty, berserking, lethally poisoned (-9 -> -28), pig-form, slowed, very
quick, somewhat resistant to hostile enchantments, extremely unstealthy
A: (hooves 0), powered by death 3, magic shield, magic regeneration, (sturdy
frame 0)
a: no special abilities


You were on level 8 of the Lair of Beasts.
You were hungry.
You were a filthy swine.
You visited 4 branches of the dungeon, and saw 20 of its levels.
You also visited: Labyrinth and Volcano.

You collected 1138 gold pieces.

Inventory:

Hand Weapons
 K - the +2 trident of Tension (melded) {drain, *Noise rF++ Int-2 SInv}
   (You found it in a labyrinth)

   A truly terrible weapon, it drains the life of those it strikes.
   It affects your intelligence (-2).
   It greatly protects you from fire.
   It lets you see invisible.
   It may make noises in combat.
Missiles
 h - 4 javelins of penetration (quivered)
Armour
 w - a +0 pair of gloves (melded)
 B - a +0 cloak (melded)
 P - a +1 helmet of see invisible (melded)
 Q - the +6 large shield of Ignorance (melded) {rN+ AC+2 EV+2 Int-6 *Curse}
   (You found it in a labyrinth)

   It affects your AC (+2).
   It affects your evasion (+2).
   It affects your intelligence (-6).
   It protects you from negative energy.
   It may re-curse itself when equipped.
 W - a +4 plate armour of fire resistance (melded)
Rods
 M - a +3 iron rod (11/11)
   (You found it in a labyrinth)
 N - a +2 rod of inaccuracy (9/9)
   (You found it in a labyrinth)
 O - a +6 rod of clouds (10/10)
   (You found it in a labyrinth)
Jewellery
 A - a ring of protection from cold (melded)
 L - a ring of protection from magic (melded)
Wands
 d - a wand of disintegration (15/24)
 m - a wand of flame (15/48)
 u - a wand of acid (3/15)
 y - a wand of polymorph (6/24)
 z - a wand of flame (13/48)
 C - a wand of slowing (35/48)
 E - a wand of flame (9/48)
 I - a wand of lightning (6/15)
 J - a wand of confusion (35/48)
 V - a wand of acid (8/15)
 Z - a wand of digging (10/24)
Scrolls
 g - 5 scrolls of teleportation
 l - 5 scrolls of identify
 n - a scroll of fog
 q - a scroll of recharging
 s - 5 scrolls of remove curse
 v - a scroll of magic mapping
 D - 2 scrolls of holy word
 F - 2 scrolls of noise
 R - a scroll of enchant armour
 U - a scroll of fear
Potions
 c - 3 potions of agility
 i - 2 potions of cure mutation
 o - 2 potions of brilliance
 t - 2 potions of haste
 x - a potion of degeneration
 G - a potion of flight
 S - 2 potions of berserk rage
 T - 2 potions of curing
Miscellaneous
 Y - a plain deck of changes
Comestibles
 a - 15 fruits
 b - 5 meat rations
 f - 8 bread rations
 j - 8 slices of pizza


   Skills:
 + Level 10.2 Fighting
 + Level 10.4 Polearms
 + Level 10.3 Armour
 + Level 9.2 Dodging
 + Level 1.8 Stealth
 + Level 13.4 Shields
 + Level 1.3 Evocations


You had 13 spell levels left.
You didn't know any spells.

Dungeon Overview and Level Annotations

Branches:
Dungeon (10/15)            Temple (1/1) D:4            Lair (8/8) D:10
  Snake (1/4) Lair:3          Orc (0/2) D:9
  Swamp: Lair:3-6    Shoals: Lair:3-6     Slime: Lair:6-8

Altars:
Ashenzari
Cheibriados
Dithmenos
Elyvilon
Fedhas
Gozag
Kikubaaqudgha
Makhleb
Nemelex Xobeh
Okawaru
Pakellas
Qazlal
Ru
Sif Muna
Trog
Vehumet
Xom
Yredelemnul
Zin
The Shining One

Shops:
D:8 :

Annotations:
Lair:2 exclusion: 2 oklob plants
Lair:3 Urug
Lair:8 Kirke


Innate Abilities, Weirdness & Mutations

((You have large cloven feet.))
You regenerate a lot of health from kills.
When hurt, damage is shared between your health and your magic reserves.
You regenerate magic rapidly.
((Your movements are slightly less encumbered by armour (ER -2).))


Message History

The wasp barely misses you. Something hits you!
* * * LOW HITPOINT WARNING * * *
The yak completely misses you. The black mamba closely misses you.
The yak barely misses you. The yak misses you.
The water moccasin closely misses you. The wasp stings you!
* * * LOW HITPOINT WARNING * * *
You feel as though you will be slow longer.
The wasp barely misses you.
Unknown command.
Eat which item? (? for menu, Esc to quit)
Okay, then.
You are too berserk!
You are too berserk!
You are too berserk!
You hit the yak.
The yak is moderately wounded.
* * * LOW HITPOINT WARNING * * *
You feel very sick. The black mamba bites you!!
You die...

.....#...##....
........P......
..h............
....(..........
...............
.....hhaH......
......hy{yH..... ##
........SShYY..... .##
........ySYY...... ..##
P.....P.###.ยง......
...###.....P.##P......P.
..P.#.......##.....#...P
P...........#...........
......P............#P...
.....PP............#....
.....PPP....#......# ...


You could see a black mamba, 4 yaks, 2 harpies, 4 hogs, a water moccasin, 3
wasps, a worker ant and an adder.

Vanquished Creatures
  Snorg (Lair:5)
  A minotaur (Lab)
  6 hydras
  A naga warrior (Snake:1)
  An anaconda (Snake:1)
  5 death yaks (Lair:4)
  A naga sharpshooter (Snake:1)
  A shock serpent (Snake:1)
  A skeletal warrior (D:10)
  A hill giant (D:9)
  A necromancer (D:10)
  Pikel (D:6)
  A mana viper (Snake:1)
  A griffon (Lair:3)
  2 deep elf magi (Volcano)
  Maurice (D:8)
  8 elephants
  5 black mambas
  15 spiny frogs
  4 rime drakes
  6 komodo dragons
  A two-headed ogre (Volcano)
  29 blink frogs
  2 slime creatures (Lair:8)
  A polar bear (Lair:5)
  A boulder beetle (Lair:8)
  3 shadows (D:10)
  2 flying skulls (D:10)
  2 redbacks
  A spriggan (Lair:4)
  25 yaks
  3 wyverns
  2 fire bats (Volcano)
  5 basilisks
  3 hungry ghosts (Lab)
  7 hippogriffs
  4 wargs (D:9)
  6 wolves (Lair:5)
  6 nagas (Lair:3)
  13 porcupines
  17 water moccasins
  4 slaves (D:6)
  2 hell hounds (D:10)
  A swamp drake (Lair:8)
  5 orc warriors
  3 sky beasts
  2 black bears
  6 necrophages
  2 ice beasts
  3 wasps
  2 eyes of draining (D:4)
  6 ogres
  5 centaurs
  15 crocodiles
  3 big kobolds (D:9)
  12 giant frogs
  An earth elemental (Lab)
  A wyvern zombie (D:8)
  A wyvern skeleton (D:10)
  2 scorpions
  2 water moccasin skeletons
  3 killer bees (D:8)
  4 howler monkeys
  7 wights (D:10)
  2 centaur zombies
  6 crimson imps
  5 hounds
  2 jellies
  3 centaur skeletons (D:10)
  4 giant frog skeletons
  4 orc priests
  5 orc wizards
  12 iguanas
  5 worker ants
  12 hell rats
  18 sheep
  2 killer bee zombies (D:10)
  2 hound skeletons
  A howler monkey zombie (D:9)
  2 worker ant zombies (D:10)
  19 adders
  32 river rats
  4 shadow imps
  2 adder skeletons
  2 worms
  3 giant geckos
  30 orcs
  A giant cockroach (D:8)
  7 goblins
  10 hobgoblins
  14 jackals
  9 kobolds
  5 quokkas
  7 bats
  A giant gecko skeleton (D:6)
  A giant gecko zombie (D:8)
  4 giant newts
  10 rats
  6 plants (Lair:1)
541 creatures vanquished.

Vanquished Creatures (others)
  A black mamba (Lair:8)
  A wyvern (Lair:8)
  A hog (Volcano)
  A centaur (Volcano)
  An adder (Lair:8)
  10 fungi
  11 plants
26 creatures vanquished.

Grand Total: 567 creatures vanquished

Notes
Turn   | Place    | Note
--------------------------------------------------------------
     0 | D:1      | JustSomeDude the Demonspawn Fighter began the quest for the Orb.
     0 | D:1      | Reached XP level 1. HP: 18/18 MP: 1/1
   451 | D:1      | Gained mutation: You regenerate a little health from kills. [demonic ancestry]
   451 | D:1      | Reached XP level 2. HP: 24/24 MP: 2/2
   474 | D:1      | Reached skill level 3 in Shields
   877 | D:2      | Gained mutation: You regenerate health from kills. [demonic ancestry]
   877 | D:2      | Reached XP level 3. HP: 29/29 MP: 3/3
  1404 | D:3      | Upgraded the game from 0.18-a0-1405-g73f4075 to 0.18-a0-1413-g4eaa9ac
  1409 | D:3      | Reached skill level 1 in Dodging
  1518 | D:3      | Found a snail-covered altar of Cheibriados.
  1543 | D:3      | Reached XP level 4. HP: 35/35 MP: 4/4
  1806 | D:3      | Upgraded the game from 0.18-a0-1413-g4eaa9ac to 0.18-a0-1426-g3b9a63c
  2104 | D:4      | Gained mutation: You have large cloven feet. [demonic ancestry]
  2104 | D:4      | Reached XP level 5. HP: 34/41 MP: 5/5
  2125 | D:4      | Noticed an eye of draining
  2133 | D:4      | Noticed an eye of draining
  2146 | D:4      | Killed an eye of draining
  2163 | D:4      | Killed an eye of draining
  2163 | D:4      | Reached XP level 6. HP: 48/48 MP: 0/6
  2164 | D:4      | Found a bloodstained altar of Trog.
  2315 | D:4      | Found a staircase to the Ecumenical Temple.
  2372 | Temple   | Entered the Ecumenical Temple
  2479 | D:4      | Reached skill level 4 in Shields
  2812 | D:5      | Entered Level 5 of the Dungeon
  2908 | D:5      | Gained mutation: You regenerate a lot of health from kills. [demonic ancestry]
  2908 | D:5      | Reached XP level 7. HP: 50/55 MP: 7/7
  3324 | D:5      | Found a sparkling altar of Nemelex Xobeh.
  3482 | D:6      | Upgraded the game from 0.18-a0-1426-g3b9a63c to 0.18-a0-1435-gee79d65
  3520 | D:6      | Reached skill level 5 in Fighting
  3622 | D:6      | Reached XP level 8. HP: 32/62 MP: 8/8
  3635 | D:6      | Upgraded the game from 0.18-a0-1435-gee79d65 to 0.18-a0-1443-ge8f1551
  3690 | D:6      | Gained mutation: You have hoof-like feet. [mutagenic meat]
  3691 | D:6      | Lost mutation: You have hoof-like feet. [mutagenic meat]
  3692 | D:6      | Gained mutation: Your spells are a little harder to cast, but a little more powerful. [mutagenic meat]
  3693 | D:6      | Gained mutation: You regenerate slowly when monsters are visible. [mutagenic meat]
  3726 | D:6      | Reached skill level 5 in Armour
  3726 | D:6      | Reached skill level 5 in Shields
  3762 | D:6      | Gained mutation: You are weak. (Str -2) [potion of mutation]
  3762 | D:6      | Gained mutation: Your mind is acute. (Int +2) [potion of mutation]
  3762 | D:6      | Gained mutation: You have a pair of small antennae on your head. [potion of mutation]
  3764 | D:6      | Lost mutation: You are weak. (Str -2) [potion of cure mutation]
  3764 | D:6      | Lost mutation: Your mind is acute. (Int +2) [potion of cure mutation]
  3764 | D:6      | Lost mutation: You have a pair of small antennae on your head. [potion of cure mutation]
  3764 | D:6      | Lost mutation: Your spells are a little harder to cast, but a little more powerful. [potion of cure mutation]
  3764 | D:6      | Lost mutation: You regenerate slowly when monsters are visible. [potion of cure mutation]
  3823 | D:6      | Noticed Pikel
  3884 | D:6      | Killed Pikel
  4058 | D:6      | You fall through a shaft for 2 floors!
  4142 | D:8      | Gained mutation: Scrolls take you a little longer to read. [potion of mutation]
  4142 | D:8      | Gained mutation: You have a pair of small horns on your head. [potion of mutation]
  4142 | D:8      | Gained mutation: You are frail (-10% HP). [potion of mutation]
  4168 | D:7      | Reached skill level 6 in Shields
  4168 | D:7      | Gained mutation: Your movements are slightly less encumbered by armour (ER -2). [demonic ancestry]
  4168 | D:7      | Reached XP level 9. HP: 46/62 MP: 9/9
  4327 | D:7      | Upgraded the game from 0.18-a0-1443-ge8f1551 to 0.18-a0-1468-gaf180a1
  4698 | D:7      | Reached skill level 5 in Dodging
  5095 | D:7      | Reached skill level 5 in Polearms
  5270 | D:7      | Reached skill level 7 in Shields
  5414 | D:8      | Found Wopyrr's Book Shoppe.
  5423 | D:8      | Reached skill level 1 in Stealth
  5911 | D:8      | Noticed Maurice
  5922 | D:8      | Killed Maurice
  5922 | D:8      | Gained mutation: When hurt, damage is shared between your health and your magic reserves. [demonic ancestry]
  5922 | D:8      | Reached XP level 10. HP: 61/68 MP: 10/10
  6089 | D:8      | Upgraded the game from 0.18-a0-1468-gaf180a1 to 0.18-a0-1481-g708b138
  6380 | D:9      | Noticed a hill giant
  7002 | D:9      | Killed a hill giant
  7002 | D:9      | Reached skill level 8 in Shields
  7041 | D:9      | Found a staircase to the Orcish Mines.
  7441 | D:9      | Noticed a two-headed hydra
  7451 | D:9      | Killed a two-headed hydra
  7523 | D:10     | Entered Level 10 of the Dungeon
  7680 | D:10     | Noticed a necromancer
  7685 | D:10     | Reached XP level 11. HP: 40/75 MP: 6/11
  7695 | D:10     | Killed a necromancer
  7751 | D:10     | Reached skill level 9 in Shields
  7788 | D:10     | Noticed a skeletal warrior
  7812 | D:10     | Killed a skeletal warrior
  7905 | D:10     | Found a sacrificial altar of Ru.
  8149 | D:10     | Found a staircase to the Lair.
  8160 | Lair:1   | Entered Level 1 of the Lair of Beasts
  9294 | Lair:2   | Gained mutation: You regenerate magic rapidly. [demonic ancestry]
  9294 | Lair:2   | Reached XP level 12. HP: 83/83 MP: 12/12
  9431 | Lair:2   | HP: 6/126 [poisoned by a black mamba]
  9436 | Lair:2   | HP: 5/126 [poisoned by a black mamba]
  9441 | Lair:2   | HP: 4/126 [poisoned by a black mamba]
  9811 | Lair:2   | Lost mutation: Scrolls take you a little longer to read. [potion of cure mutation]
  9811 | Lair:2   | Lost mutation: You are frail (-10% HP). [potion of cure mutation]
  9811 | Lair:2   | Lost mutation: You have a pair of small horns on your head. [potion of cure mutation]
  9962 | Lair:2   | Reached skill level 10 in Shields
 10479 | Lair:3   | Noticed Urug
 10500 | Lair:3   | HP: 4/94 [Urug/great mace of crushing (3)]
 11406 | Lair:3   | Found a labyrinth entrance.
 11412 | Lab      | Entered a labyrinth
 11665 | Lab      | Got an iridescent trident
 11666 | Lab      | Identified the +2 trident of Tension {drain, *Noise rF++ Int-2 SInv} (You found it in a labyrinth)
 11913 | Lab      | Noticed a minotaur
 11928 | Lab      | Killed a minotaur
 11985 | Lair:3   | Identified a +2 rod of inaccuracy (9/9) (You found it in a labyrinth)
 11986 | Lair:3   | Identified a cursed +6 rod of clouds (10/10) (You found it in a labyrinth)
 12030 | Lair:3   | Found a basalt altar of Yredelemnul.
 12373 | Lair:3   | Noticed a seven-headed hydra
 12395 | Lair:3   | Killed a seven-headed hydra
 12395 | Lair:3   | Reached skill level 1 in Evocations
 12447 | Lair:3   | Found a staircase to the Snake Pit.
 12467 | Snake:1  | Entered Level 1 of the Snake Pit
 12509 | Snake:1  | Noticed an anaconda
 12525 | Snake:1  | Noticed a naga warrior
 12532 | Snake:1  | Killed an anaconda
 12595 | Snake:1  | Killed a naga warrior
 12612 | Snake:1  | Reached skill level 11 in Shields
 12685 | Lair:4   | Noticed a five-headed hydra
 12700 | Lair:4   | Killed a five-headed hydra
 12775 | Lair:4   | Reached XP level 13. HP: 101/101 MP: 13/13
 13538 | Lair:5   | Noticed Snorg
 13562 | Lair:5   | Killed Snorg
 13936 | Lair:5   | Reached skill level 12 in Shields
 14609 | Lair:6   | Reached skill level 10 in Armour
 14878 | Lair:6   | Reached skill level 10 in Polearms
 15093 | Lair:6   | Reached skill level 10 in Fighting
 15437 | Lair:7   | Found a dark tunnel.
 15442 | Volcano  | Entered a volcano
 15899 | Lair:7   | Reached XP level 14. HP: 70/110 MP: 10/14
 16459 | Lair:7   | Reached skill level 13 in Shields
 16634 | Lair:8   | Entered Level 8 of the Lair of Beasts
 17289 | Lair:8   | Noticed Kirke
 17316 | Lair:8   | Mangled by a black mamba

Vault maps used:
D:1:      minmay_arrival_stone_box
D:2:      first_bread
D:3:      lemuel_doored_altar
D:4:      trog_eyes_of_draining, minmay_temple_entry_junction
D:5:      basic_altar
D:6:      uniq_pikel
D:7:      corexii_shack_village, kennysheep_small_square
D:8:      serial_shops, shop, uniq_maurice
D:9:      minmay_orc_entry_guard_dogs, corexii_leaking_fountain, hangedman_ranch
D:10:     hangedman_screamer, minmay_lair_entry_lava,
          nicolae_ru_sacrificial_ziggurat
Temple:   grunt_wide_crystal_templ_18
Lair:1:   wad_woods_structure_01, minmay_hedge_maze
Lair:2:   minmay_lair_oklob_tunnel, grunt_megastairs_5,
          infiniplex_staircase_pool, lemuel_fruit_tree
Lair:3:   nicolae_swamp_entry_splash_gauntlet,
          minmay_snake_entry_guardpost_medium, lab_entry_generic, basic_altar,
          uniq_urug
Lair:4:   grunt_forest_large_clearing_hut
Lair:5:   uniq_snorg
Lair:6:   beast_lair_carwin_1
Lair:7:   nicolae_volcano_entry_s_turn, infiniplex_staircase_pool_2
Lair:8:   guppyfry_lair_end_dragon, hangedman_lair_tendril_chambers,
          minmay_slime_entry_pillars, uniq_kirke
Snake:1:  serial_bayou_pond_e, grunt_ministairs_12, spider_trap,
          grunt_megastairs_2
Lab:      nicolae_lab_swirl, lab_fountain, nicolae_lab_plus,
          nicolae_lab_diamond, nicolae_lab_big_swirl
Volcano:  volcano_village

Skill      XL: |  1  2  3  4  5  6  7  8  9 10 11 12 13 14 |
---------------+-------------------------------------------+-----
Shields        | 3 4 6 7 8 9 11 12 13 | 13.4
Armour         | 3 4 5 6 7 9 10 | 10.3
Dodging        | 1 2 3 4 5 6 7 9 |  9.2
Polearms       | 2 3 4 5 6 8 9 10 | 10.4
Fighting       | 4 5 6 7 8 9 10 | 10.2
Stealth        | 1 |  1.8
Evocations     | 1 |  1.3

Action                   |  1- 3 |  4- 6 |  7- 9 | 10-12 | 13-15 || total
-------------------------+-------+-------+-------+-------+-------++-------
Melee: Trident           |   166 |       |       |   319 |  1205 ||  1690
       Spear             |     1 |   181 |   564 |  1263 |       ||  2009
       Unarmed           |       |       |       |       |     6 ||     6
Evoke: Wand              |       |       |       |    12 |       ||    12
       Rod               |       |       |       |     2 |       ||     2
  Use: Scroll            |     5 |     3 |     6 |    13 |     3 ||    30
       Potion            |       |     1 |     7 |    21 |     4 ||    33
 Stab: Confused          |       |       |       |     1 |     1 ||     2
  Eat: Chunk             |     1 |     5 |    13 |    16 |    15 ||    50
       Fruit             |       |     1 |       |     5 |       ||     6
       Beef jerky        |       |       |       |     1 |     1 ||     2
       Bread ration      |       |       |       |     1 |       ||     1
       Pizza             |       |       |       |     2 |       ||     2
       Meat ration       |       |       |       |     1 |       ||     1
